 Dungeon Crawl Stone Soup version 0.28-a0-556-gab23d0e057 (webtiles) character file.

Game seed: 7578729212438900134

40 Rennog the Skirmisher (level 3, -3/42 HPs)
             Began as an Ogre Fighter on Sept 28, 2021.
             Was an Initiate of Ru.
             Killed from afar by Sigmund (8 damage)
             ... with a puff of flame
             ... on level 2 of the Dungeon.
             The game lasted 00:02:09 (1388 turns).

Rennog the Skirmisher (Ogre Fighter)                Turns: 1388, Time: 00:02:09

Health: -3/42      AC:  3    Str: 20    XL:     3   Next: 50%
Magic:  3/3        EV:  8    Int:  9    God:    Ru [......]
Gold:   52         SH:  7    Dex:  9    Spells: 2/2 levels left

rFire   . . .      SeeInvis .   a - +0 flail
rCold   . . .      Faith    .   c - +0 kite shield
rNeg    . . .      Spirit   .   b - +0 robe
rPois   .          Reflect  .   (helmet restricted)
rElec   .          Harm     .   (no cloak)
rCorr   .          Rampage  .   (gloves unavailable)
Will    .....                   (boots unavailable)
Stlth   +.........              (no amulet)
HPRegen 0.14/turn               (no ring)
MPRegen 0.08/turn               (no ring)

@: no status effects
A: large, unfitting armour, tough skin 1
a: Renounce Religion


You were on level 2 of the Dungeon.
You worshipped Ru.
Ru was noncommittal.
You visited 1 branch of the dungeon, and saw 2 of its levels.

You collected 52 gold pieces.

Inventory:

Hand Weapons
 a - a +0 flail (weapon)
Armour
 b - a +0 robe (worn)
 c - a +0 kite shield (worn)
Scrolls
 f - a scroll of immolation {unknown}
 g - a scroll of summoning {unknown}
 h - 2 scrolls of identify {unknown}
 i - a scroll of noise {unknown}
Potions
 d - a potion of might
 e - a potion of flight {unknown}
 j - a potion of brilliance {unknown}


   Skills:
 * Level 5.0 Fighting
 + Level 2.2 Maces & Flails
 + Level 3.1 Dodging
 - Level 2.6 Shields


You had 2 spell levels left.
You didn't know any spells.
Your spell library contained the following spells:

 Spells                   Type           Power      Damage    Failure   Level
 Sting                    Tmut/Pois      0%         1d3       85%         1
 Poisonous Vapours        Pois/Air       0%         N/A       94%         2
 Olgreb's Toxic Radiance  Pois           0%         N/A       100%        4


Dungeon Overview and Level Annotations

Branches:
Dungeon (2/15)

Altars:
Ru

Shops:
D:1 =

Annotations:
D:2 Sigmund


Innate Abilities, Weirdness & Mutations

You are too large for most types of armour.
You have tough skin. (AC +1)


Message History

You are too injured to fight recklessly!
You are too injured to fight recklessly!
You are too injured to fight recklessly!
You are too injured to fight recklessly!
You are too injured to fight recklessly!
A goblin is nearby!
A goblin is nearby!
You closely miss the goblin.
You feel sick.
You are no longer poisoned.
The goblin hits you with a +0 club.
You hit the goblin.
You kill the goblin!
Found a book of Dreams.
Things that are here:
a +0 club; a goblin corpse Sigmund casts a spell at you.
The puff of flame hits you.
Sigmund points at you and mumbles some strange words.
You resist with some effort.
Things that are here:
a +0 club; a goblin corpse Sigmund gestures wildly while chanting.
Sigmund flickers and vanishes!
Deactivating autopickup; reactivate with Ctrl-A.
You are confused.
You're too confused to move!
You bump into the rock wall.
You bump into the rock wall.
You are more confused.
You bump into the rock wall.
Something hits you!
* * * LOW HITPOINT WARNING * * *
You feel less confused.
A magic dart appears from out of thin air!
The magic dart hits you.
* * * LOW HITPOINT WARNING * * *
Something tries to affect you, but you resist.
A puff of flame appears from out of thin air!
The puff of flame hits you!
You die...

#.####....##
#..........#
######.....#
#.{...# ##...##
#.### #.# #.#
#@####### #........
#.####### #.#
########.##
#########...#.....#
.........###..###.#
.######.## ##.# #.#
## #.# #.###.#


There were no monsters in sight!

Vanquished Creatures
  An adder (D:2)
  A dart slug (D:1)
  An endoplasm (D:1)
  2 giant cockroaches (D:1)
  6 hobgoblins
  2 jackals (D:1)
  2 kobolds (D:1)
  2 quokkas (D:1)
  2 ball pythons
  3 bats (D:1)
  A goblin (D:2)
  A rat (D:1)
  A spectral kobold (D:1)
25 creatures vanquished.

Notes
Turn   | Place    | Note
-------+----------+-------------------------------------------
     0 | D:1      | Rennog the Ogre Fighter began the quest for the Orb.
     0 | D:1      | Reached XP level 1. HP: 24/24 MP: 1/1
    21 | D:1      | Found a faded altar of an unknown god.
    31 | D:1      | Became a worshipper of Ru the Awakened
   279 | D:1      | Reached XP level 2. HP: 32/33 MP: 2/2
   695 | D:1      | Found Maledip's Jewellery Boutique.
   709 | D:1      | Reached XP level 3. HP: 23/41 MP: 3/3
  1344 | D:2      | Noticed Sigmund
  1352 | D:2      | Reached skill level 5 in Fighting
  1388 | D:2      | Killed from afar by Sigmund

Illustrated notes

Levels and vault maps discovered:
D:1:      ncdulo_wetmaze, layout_basic, serial_shops, shop,
          dreamdust_ecumenical_altar_drowned_temple, patterned_corridor
D:2:      layout_loops_ring, hangedman_decor_growths,
          minmay_misc_feat_four_crosses, uniq_sigmund

Skill      XL: |  1  2  3 |
---------------+----------+-----
Maces & Flails | 2 |  2.2
Dodging        | 3 |  3.1
Fighting       | 5 |  5.0
Shields        | |  2.6

Action                   || total
-------------------------++-------
Melee: Flail             ||    84
Invok: Reject Sacrifices ||     1
 Stab: Sleeping          ||     1
Armor: Robe              ||    29
Dodge: Dodged            ||    44
Block: Kite shield       ||    50

Table legend: (Time is in decaauts)
 A = Elapsed time spent in this place.
 B = Non-inter-level travel time spent in this place.
 C = Inter-level travel time spent in this place.
 D = Time resting spent in this place.
 E = Time spent auto-exploring this place.
 F = Levels seen in this place.
 G = Mean time per level.
                   A        B        C        D        E       F      G
               +--------+--------+--------+--------+--------+-----+--------+
         Total |   1441 |   1428 |     13 |      0 |   1186 |   2 |  720.5 |
       Dungeon |   1441 |   1428 |     13 |      0 |   1186 |   2 |  720.5 |
               +--------+--------+--------+--------+--------+-----+--------+

Top non-repeatable levels by time:
     D:1: 1236 daAuts
     D:2: 205 daAuts
